 Dungeon Crawl Stone Soup version 0.26-a0-976-gd3b5134375 (webtiles) character file.

Game seed: 3715479495953029317

45 PentaManta the Chopper (level 3, -2/23 HPs)
             Began as a Gargoyle Monk on Dec 4, 2020.
             Slain by a worm (6 damage)
             ... on level 2 of the Dungeon.
             The game lasted 00:02:34 (1947 turns).

PentaManta the Chopper (Gargoyle Monk)              Turns: 1947, Time: 00:02:35

Health: -2/23      AC: 11    Str: 15    XL:     3   Next: 64%
Magic:  3/3        EV:  7    Int: 10    God:
Gold:   128        SH:  0    Dex: 12    Spells: 2/2 levels left

rFire    . . .     SeeInvis .   f - -1 dagger (curse)
rCold    . . .     Faith    .   (no shield)
rNeg     + . .     Spirit   .   d - +0 chain mail (curse)
rPois    ∞         Reflect  .   (no helmet)
rElec    +         Harm     .   (no cloak)
rCorr    .         Rampage  .   (no gloves)
MR       .....                  (no boots)
Stlth    ..........             (no amulet)
HPRegen  0.07/turn              (no ring)
MPRegen  0.08/turn              (no ring)

@: no status effects
A: negative energy resistance 1, electricity resistance, unbreathing,
petrification resistance, rot immunity, AC +3
a: no special abilities


You were on level 2 of the Dungeon.
You visited 1 branch of the dungeon, and saw 3 of its levels.

You collected 128 gold pieces.

Inventory:

Hand Weapons
 a - a +0 hand axe
 f - a cursed -1 dagger (weapon)
 i - a +0 dagger
Missiles
 g - 5 poisoned darts (quivered)
Armour
 b - a +0 robe
 c - a +0 chain mail
 d - a cursed +0 chain mail (worn)
Scrolls
 j - 2 scrolls of identify
Potions
 e - a potion of mutation {unknown}
 h - a potion of attraction


   Skills:
 - Level 3.2 Fighting
 + Level 4.1 Axes
 - Level 2.4 Dodging
 - Level 2.1 Stealth


You had 2 spell levels left.
You didn't know any spells.
Your spell library was empty.

Dungeon Overview and Level Annotations

Branches:
Dungeon (3/15)

Altars:
Sif Muna


Innate Abilities, Weirdness & Mutations

You are resistant to torment.
Your stone body is resilient. (AC +3)
You are immune to poison.
You resist negative energy. (rN+)
You are resistant to electric shocks. (rElec)
You can survive without breathing.
You are immune to petrification.
You are immune to rotting.


Message History

You hit the worm.
The worm is severely wounded.
You hit the worm but do no damage.
The worm is severely wounded.
The worm bites you but does no damage.
You hit the worm.
The worm is severely wounded.
You hit the worm.
The worm is almost dead.
The worm barely misses you.
You hit the worm but do no damage.
The worm is severely wounded.
The worm bites you.
* * * LOW HITPOINT WARNING * * *
You hit the worm.
The worm is almost dead.
You barely miss the worm.
The worm is almost dead.
The worm bites you.
You die...

.............# #..###
.....[.......# ##...#
.............# ###.##
.............# #..###
.............# ##...#
.....#.>...#.## ###.#
#...####......# #.##
.#.## ##.....#####
#..## .#.#
####...w@.##########..#
#...#
#....#........#....#
.....#
##...########......#
......#
###..÷..######.....#
.......
.....................#
......##
#...[................#
.....##
##########..#####....#
....## #### #....#
#....#


You could see a worm.

Vanquished Creatures
  2 adders (D:2)
  2 dart slugs
  An orc (D:3)
  4 giant cockroaches
  4 goblins
  A hobgoblin (D:1)
  A kobold (D:1)
  3 bats (D:1)
  2 frilled lizards (D:2)
  2 rats (D:1)
22 creatures vanquished.

Notes
Turn   | Place    | Note
-------+----------+-------------------------------------------
     0 | D:1      | PentaManta the Gargoyle Monk began the quest for the Orb.
     0 | D:1      | Reached XP level 1. HP: 14/14 MP: 1/1
   210 | D:1      | Reached skill level 3 in Axes
   285 | D:1      | Reached XP level 2. HP: 19/19 MP: 2/2
  1029 | D:2      | Reached XP level 3. HP: 13/23 MP: 3/3
  1327 | D:2      | Found a shimmering blue altar of Sif Muna.
  1365 | D:2      | Reached skill level 4 in Axes
  1596 | D:3      | HP: 1/23 [orc/+0 short sword (2)]
  1613 | D:3      | HP: 1/23 [giant cockroach (1)]
  1619 | D:3      | HP: 1/23 [giant cockroach (1)]
  1947 | D:2      | Slain by a worm

Illustrated notes

Levels and vault maps discovered:
D:1:      heliophobic_arrival_enchanted_forest, layout_basic, serial_glass,
          glass_columns_a, glass_columns_a
D:2:      layout_rooms, lemuel_doored_altar, minmay_curled_crystal
D:3:      layout_rooms, chequers_ecumenical_altar_simple, uniq_ijyb

Skill      XL: |  1  2  3 |
---------------+----------+-----
Axes           | 3 4 |  4.1
Fighting       | |  3.2
Dodging        | |  2.4
Stealth        | |  2.1

Action                   || total
-------------------------++-------
Melee: Hand axe          ||    22
       Dagger            ||   188
  Use: Scroll            ||     2
Armor: Chain mail        ||   124
Dodge: Dodged            ||    86

Table legend: (Time is in decaauts)
 A = Elapsed time spent in this place.
 B = Non-inter-level travel time spent in this place.
 C = Inter-level travel time spent in this place.
 D = Time resting spent in this place.
 E = Time spent auto-exploring this place.
 F = Levels seen in this place.
 G = Mean time per level.
                   A        B        C        D        E       F      G
               +--------+--------+--------+--------+--------+-----+--------+
         Total |   1949 |   1864 |     85 |    278 |   1194 |   3 |  649.7 |
       Dungeon |   1949 |   1864 |     85 |    278 |   1194 |   3 |  649.7 |
               +--------+--------+--------+--------+--------+-----+--------+

Top non-repeatable levels by time:
     D:1: 1011 daAuts
     D:2: 610 daAuts
     D:3: 327 daAuts
